 Dungeon Crawl Stone Soup version 0.17-a0-1636-g3119f2b (webtiles) character file.

138 matakusis the Skirmisher (level 5, -4/42 HPs)
             Began as a Demonspawn Abyssal Knight on Aug 5, 2015.
             Was a Believer of Lugonu.
             Slain by Sigmund
             ... wielding a +0 scythe
              (10 damage)
             ... on level 3 of the Dungeon.
             The game lasted 00:11:52 (1897 turns).

matakusis the Skirmisher (DsAK)                     Turns: 1897, Time: 00:11:52

Health: -4/42      AC:  9    Str: 13    XL:     5   Next: 1%
Magic:  0/7        EV: 12    Int: 13    God:    Lugonu [**....]
Gold:   57         SH:  0    Dex: 13    Spells: 0 memorised, 4 levels left

rFire  . . .     SeeInvis .     a - +1 hand axe
rCold  . . .     Clarity  .     b - +0 leather armour
rNeg   . . .     SustAt   .     (no shield)
rPois  .         Gourm    .     (no helmet)
rElec  .         Spirit   +     (no cloak)
rCorr  .         Warding  .     i - +1 pair of gloves
rMut   .         Stasis   .     (no boots)
MR     .....                    d - amulet of guardian spirit
Stlth  +.........               (no ring)
                                (no ring)

@: not resistant to hostile enchantments, very unstealthy
A: iridescent scales 1
a: Depart the Abyss, Bend Space, Renounce Religion


You were on level 3 of the Dungeon.
You worshipped Lugonu.
Lugonu was pleased with you.
You were hungry.

You visited 1 branch of the dungeon, and saw 3 of its levels.
You visited the Abyss 1 time.

You collected 57 gold pieces.

Inventory:

Hand weapons
 a - a +1 hand axe (weapon)
Armour
 b - a +0 leather armour (worn)
 i - a +1 pair of gloves (worn)
Jewellery
 d - an amulet of guardian spirit (around neck)
Magical devices
 p - a wand of polymorph (16)
 q - a wand of flame (17)
Scrolls
 k - a scroll of amnesia
Potions
 g - a potion of cancellation
 h - a potion of brilliance
 o - a potion of magic
Comestibles
 c - 4 bread rations
 f - a chunk of flesh
 l - a meat ration


   Skills:
 + Level 4.0 Fighting
 + Level 2.3 Axes
 + Level 2.5 Armour
 + Level 2.4 Dodging
 + Level 0.4 Stealth
 + Level 2.8 Invocations


You had 4 spell levels left.
You didn't know any spells.

Dungeon Overview and Level Annotations

Branches:
Dungeon (3/15)

Altars:
Elyvilon
Kikubaaqudgha
Makhleb

Annotations:
D:3 Sigmund


Innate Abilities, Weirdness & Mutations

You are partially covered in iridescent scales (AC +4).


Message History

Sigmund casts a spell at you.
The puff of flame hits the gnoll.
The gnoll closely misses you.
You are feeling hungry.
You hit the gnoll but do no damage.
The gnoll is moderately wounded.
The gnoll misses you. Sigmund barely misses you.
You hit the gnoll.
The gnoll is severely wounded.
The gnoll barely misses you.
Sigmund hits you from afar with a scythe.
* * * LOW HITPOINT WARNING * * *
The gnoll barely misses you.
Drink which item? (? for menu, Esc to quit)
Okay, then.
You hit the gnoll.
You kill the gnoll!
Lugonu accepts your kill.
You have reached level 5!
Sigmund hits you from afar with a scythe!
You die...

# ## # #. .#.# ...
.#.#### .....#####
(.....#
.........######...##..
#....##....>.........
#..<....<...(.....
#########.#.......
###.@#.......
##.).#####.##. #...@##
## #.....## g
##..#..###..g.
#####....g.g_
#...#.... #...# ..
#....#


You could see Sigmund.

Vanquished Creatures
  Natasha (thrice) (D:2)
  3 adders (D:2)
  3 gnolls (D:3)
  An ooze (D:1)
  A worm (D:2)
  A giant gecko (D:2)
  3 giant cockroaches
  3 goblins
  6 hobgoblins
  6 jackals
  8 kobolds
  3 bats (D:1)
  2 giant newts (D:2)
  A quokka (D:1)
  3 rats
47 creatures vanquished.

Notes
Turn   | Place    | Note
--------------------------------------------------------------
     0 | Abyss:1  | matakusis the Demonspawn Abyssal Knight began the quest for the Orb.
     0 | Abyss:1  | Reached XP level 1. HP: 18/18 MP: 2/2
    15 | D:1      | Escaped the Abyss
   243 | D:1      | Gained mutation: You are partially covered in iridescent scales (AC +4). [demonic ancestry]
   243 | D:1      | Reached XP level 2. HP: 20/24 MP: 3/3
   264 | D:1      | Reached skill level 1 in Dodging
   712 | D:1      | Acquired Lugonu's second power
   778 | D:2      | Reached XP level 3. HP: 18/29 MP: 3/5
   844 | D:2      | Found a white marble altar of Elyvilon.
   940 | D:2      | Noticed Natasha
   955 | D:2      | Killed Natasha
   955 | D:2      | Reached XP level 4. HP: 23/37 MP: 6/6
   974 | D:2      | Noticed Natasha
   992 | D:2      | Killed Natasha
  1416 | D:2      | Found a burning altar of Makhleb.
  1517 | D:2      | Noticed Natasha
  1525 | D:2      | Killed Natasha
  1868 | D:3      | Noticed Sigmund
  1870 | D:3      | Found an ancient bone altar of Kikubaaqudgha.
  1893 | D:3      | Reached skill level 4 in Fighting
  1897 | D:3      | Reached XP level 5. HP: 6/42 MP: 1/7
  1897 | D:3      | Slain by Sigmund

Vault maps used:
D:1:      minmay_arrival_wavy_path, hex_intersection
D:2:      elyvilon_altar_3, lightli_temple_of_fire, first_bread, uniq_natasha
D:3:      lemuel_round_altar, trog_butcher_becter, uniq_sigmund

Action                   |  1- 3 |  4- 6 || total
-------------------------+-------+-------++-------
Melee: Hand axe          |    78 |   100 ||   178
       Unarmed           |     8 |     6 ||    14
  Use: Scroll            |       |    10 ||    10
       Potion            |       |     2 ||     2
 Stab: Sleeping          |       |     1 ||     1
  Eat: Chunk             |       |     3 ||     3
